 Dungeon Crawl Stone Soup version 0.31.0-4-g52a2dc7128 (webtiles) character file.

Game seed: 14127167504608184223

202438 Skeral the Devastator (level 17, -4/140 HPs)
             Began as a Purple Draconian Air Elementalist on Jan 20, 2024.
             Was the Champion of Vehumet.
             Slain by a vampire knight
             ... wielding a +0 great mace
              (6 damage)
             ... on level 2 of the Vaults on Jan 21, 2024.
             The game lasted 03:06:49 (43208 turns).

Skeral the Devastator (DrAE)                       Turns: 43208, Time: 03:06:50

Health: -4/140     AC: 17    Str: 18    XL:     17   Next: 94%
Magic:  5/34       EV: 15    Int: 21    God:    Vehumet [******]
Gold:   1645       SH: 16    Dex: 14    Spells: 3/43 levels left

rFire   + . .        a - +4 demon whip (venom)
rCold   + + .        n - +0 kite shield
rNeg    . . .        (body armour unavailable)
rPois   +            g - +2 hat
rElec   +            V - scarf {rC+ rF+}
rCorr   .            o - +2 pair of gloves {Dex+3}
SInv    .            u - +2 pair of boots
Will    ++...        H - amulet of reflection
Stlth   ++           Y - ring "Pofev" {rElec rPois Str+6 Int-2 Dex-2}
HPRegen 0.43/turn    A - ring of Jeyjoluc {Fly rC+ Int+2}
MPRegen 0.24/turn

%: reflection
@: swift, flying, very quick
A: breathe power, AC +9, unfitting armour, cold-blooded
}: 1/15 runes: decaying
a: Breathe Dispelling Energy, Renounce Religion


You were on level 2 of the Vaults.
You worshipped Vehumet.
Vehumet was exalted by your worship.
You visited 7 branches of the dungeon, and saw 30 of its levels.
You also visited: Volcano.

You collected 2985 gold pieces.
You spent 1340 gold pieces at shops.


Innate Abilities, Weirdness & Mutations

You can breathe bolts of dispelling energy.
Your rich purple scales are hard. (AC +9)
You cannot fit into any form of body armour.
You are cold-blooded and may be slowed by cold attacks.


   Skills:
 - Level 10.0 Fighting
 - Level 2.0 Maces & Flails
 - Level 10.0 Dodging
 - Level 1.7 Stealth
 - Level 10.0 Shields
 + Level 13.5 Spellcasting
 * Level 16.9 Conjurations
 - Level 8.0 Necromancy
 + Level 9.9 Ice Magic
 - Level 10.6 Air Magic
 - Level 12.0 Earth Magic
 - Level 4.0 Alchemy
 - Level 3.0 Evocations


You had 3 spell levels left.
You knew the following spells:

 Your Spells              Type           Power      Damage    Failure   Level
a - Airstrike             Air            28%        2d(4-20)  1%          4
b - Borgnjor's Vile Clut  Necr/Erth      27%        N/A       4%          5
d - Orb of Destruction    Conj           35%        9d10      2%          7
f - Freezing Cloud        Conj/Ice/Air   30%        6-21      1%          5
o - Ozocubu's Refrigerat  Ice            27%        4d13      32%         7
p - Fulminant Prism       Conj/Alch      27%        3d14      1%          4
A - Stone Arrow           Conj/Erth      100%       3d13      1%          3
B - Sublimation of Blood  Necr           47%        N/A       1%          2
S - Swiftness             Air            56%        N/A       1%          3

Your spell library contained the following spells:

 Spells                   Type           Power      Damage    Failure   Level
 Maxwell's Capacitive Co  Air            28%        ∞         85%         8
 Polar Vortex             Ice            27%        12d3*     100%        9
 Shatter                  Erth           29%        3d24*     100%        9
 Freeze                   Ice            100%       1d10      1%          1
 Kiss of Death            Conj/Necr      100%       2d13      1%          1
 Necrotise                Necr           100%       1d9       1%          1
 Shock                    Conj/Air       100%       1d9       1%          1
 Sting                    Conj/Alch      100%       1d9       1%          1
 Cigotuvi's Dreadful Rot  Necr/Alch/Air  90%        N/A       1%          2
 Ensorcelled Hibernation  Hex/Ice        70%        N/A       1%          2
 Mercury Vapours          Alch/Air       90%        N/A       1%          2
 Static Discharge         Conj/Air       100%       3-8/arc   1%          2
 Frozen Ramparts          Ice            100%       1d16      1%          3
 Hailstorm                Conj/Ice       63%        3d12      1%          3
 Passwall                 Erth           59%        N/A       1%          3
 Vampiric Draining        Necr           47%        2d9       1%          3
 Inner Flame              Hex/Fire       14%        N/A       7%          3
 Call Imp                 Summ           28%        N/A       14%         2
 Lesser Beckoning         Tloc           28%        N/A       14%         2
 Confusing Touch          Hex            14%        N/A       26%         3
 Gell's Gravitas          Tloc           14%        N/A       26%         3
 Sigil of Binding         Hex            14%        N/A       26%         3
 Teleport Other           Tloc           14%        N/A       26%         3
 Flame Wave               Conj/Fire      49%        2d12      1%          4
 Lee's Rapid Deconstruct  Erth           29%        3d15*     1%          5
 Animate Dead             Necr           47%        N/A       3%          4
 Dispel Undead            Necr           47%        3d18      3%          4
 Olgreb's Toxic Radiance  Alch           31%        N/A       4%          4
 Summon Lightning Spire   Summ/Air       36%        N/A       10%         4
 Curse of Agony           Necr           47%        N/A       10%         5
 Ignite Poison            Fire/Alch      22%        N/A       11%         4
 Sticky Flame             Fire/Alch      22%        2d6       11%         4
 Anguish                  Hex/Necr       15%        N/A       17%         4
 Martyr's Knell           Necr/Summ      31%        N/A       17%         4
 Yara's Violent Unravell  Hex/Alch       11%        3d6       28%         5
 Alistair's Intoxication  Alch           20%        N/A       43%         5
 Death Channel            Necr           23%        N/A       45%         6
 Eringya's Noxious Bog    Alch           15%        4d6       54%         6
 Cause Fear               Hex            7%         N/A       65%         4
 Summon Mana Viper        Hex/Summ       14%        N/A       94%         5
 Enfeeble                 Hex            7%         N/A       100%        7
 Summon Hydra             Summ           7%         N/A       100%        7
 Animate Armour           Summ/Erth      Unusable   N/A       N/A         4

Inventory:

Hand Weapons
 a - a +4 demon whip of venom (weapon)
   (You took it off Amaemon on level 8 of the Dungeon)
Missiles
 C - 11 curare-tipped darts (quivered) {=f}
 Q - 3 throwing nets {=f!f}
Armour
 g - a +2 hat (worn)
   (You found it on level 13 of the Dungeon)
 n - a +0 kite shield (worn)
   (You took it off a gnoll sergeant on level 11 of the Dungeon)
 o - a +2 pair of gloves of dexterity (worn)
   (You bought it in a shop on level 2 of the Vaults)
 u - a +2 pair of boots (worn)
   (You found it on level 5 of the Dungeon)
 x - the +1 pair of gloves of the Sparrow {rN+++ Int-4 Dex+3}
   (You found it on level 2 of the Swamp)

   Int-4:     It affects your intelligence (-4).
   Dex+3:     It affects your dexterity (+3).
   rN+++:     It renders you almost immune to negative energy.
 y - a +1 cloak of poison resistance
   (You bought it in a shop on level 2 of the Orcish Mines)
 V - a scarf of resistance (worn)
   (You found it on level 7 of the Dungeon)
Magical Staves
 w - the staff of Ludiass {rN+++ Str-4 Earth, !a}
   (You acquired it on level 12 of the Dungeon)

   [staff of earth]

   Base accuracy: +5 Base damage: 5 Base attack delay: 1.2 This weapon's minimum
   attack delay (0.6) is reached at skill level 12.
   Str-4:     It affects your strength (-4).
   rN+++:     It renders you almost immune to negative energy.
   Earth:     It increases the power of your Earth spells.
   It falls into the 'Staves' category.
   It is a one-handed weapon.
Jewellery
 h - a ring of willpower
   (You took it off a death knight on level 11 of the Dungeon)
 v - a ring of see invisible
   (You took it off a centaur on level 8 of the Dungeon)
 A - the ring of Jeyjoluc (right hand) {Fly rC+ Int+2}
   (You found it on level 2 of the Swamp)

   [ring of flight]

   Int+2:     It affects your intelligence (+2).
   rC+:       It protects you from cold.
   Fly:       It grants you flight.
 H - an amulet of reflection (around neck)
   (You found it on level 7 of the Dungeon)
 I - a +6 ring of intelligence
   (You found it on level 5 of the Dungeon)
 R - a ring of resist corrosion
   (You found it on level 8 of the Dungeon)
 T - an amulet of faith {!P}
   (You took it off a skeletal warrior on level 14 of the Dungeon)
 Y - the ring "Pofev" (left hand) {rElec rPois Str+6 Int-2 Dex-2}
   (You found it on level 5 of the Lair of Beasts)

   [ring of strength]

   Str+6:     It affects your strength (+6).
   Int-2:     It affects your intelligence (-2).
   Dex-2:     It affects your dexterity (-2).
   rElec:     It insulates you from electricity.
   rPois:     It protects you from poison
Wands
 s - a wand of mindburst (23)
   (You found it on level 4 of the Dungeon)
 D - a wand of paralysis (27)
   (You found it on level 7 of the Dungeon)
 E - a wand of flame (29)
   (You found it on level 1 of the Swamp)
 J - a wand of digging (18)
   (You found it on level 8 of the Dungeon)
 K - a wand of iceblast (26)
   (You found it on level 8 of the Dungeon)
 S - a wand of quicksilver (14)
   (You found it on level 10 of the Dungeon)
Scrolls
 e - 3 scrolls of enchant armour
 l - 9 scrolls of fog
 m - 5 scrolls of teleportation {@r4}
 p - 3 scrolls of vulnerability {!r!r}
 t - 3 scrolls of butterflies
 F - 5 scrolls of revelation
 N - 2 scrolls of torment {!r}
 O - 3 scrolls of silence {!r}
 P - 3 scrolls of poison {!r}
 X - 3 scrolls of amnesia
 Z - 3 scrolls of immolation {!r!r}
Potions
 c - 3 potions of brilliance
 d - a potion of resistance
 f - 4 potions of haste {@q3}
 i - 3 potions of magic
 j - 2 potions of heal wounds {@q2}
 k - 7 potions of curing {@q1}
 q - 2 potions of invisibility
 r - 2 potions of mutation {!q}
 B - 4 potions of enlightenment
 G - 6 potions of might
 L - a potion of lignification {!q}
 M - 2 potions of ambrosia
 U - 2 potions of attraction {!q}
Miscellaneous
 b - a phantom mirror
   (You found it on level 5 of the Lair of Beasts)
 W - a phial of floods
   (You found it on level 3 of the Lair of Beasts)

Dungeon Overview and Level Annotations

Branches:
Dungeon (15/15) Zot: 25128  Temple (1/1) D:5 Zot: 5959    Lair (5/5) D:11 Zot: 21464
  Swamp (4/4) Lair:2 Zot: 17927  Spider (1/4) Lair:2 Zot: 5421   Slime (0/5) Lair:5
    Orc (2/2) D:11 Zot: 9924     Elf (0/3) Orc:2        Vaults (2/5) D:14 Zot: 4498
 Depths (0/4) D:15        Volcano (visited)
  Crypt: Vaults:2-3

Altars:
Ashenzari
Cheibriados
Dithmenos
Elyvilon
Fedhas
Gozag
Hepliaklqana
Kikubaaqudgha
Makhleb
Nemelex Xobeh
Okawaru
Qazlal
Ru
Sif Muna
Trog
Uskayaw
Vehumet
Wu Jian
Xom
Yredelemnul
Zin
The Shining One
Jiyva

Shops:
D:8 *(**   D:11 [   D:12 !   D:15 [   Orc:2 =*[(?   Vaults:2 [

Annotations:
D:3 1 runed translucent door, Jingleheimer's ghost, amateur GrMo
D:4 3 runed translucent doors, Duvessa; Sweeb's ghost, amateur OpCj
D:15 3 runed translucent doors, Ruil's ghost, journeyman MiBe; Ver Nao's ghost, journeyman OpSh
Swamp:1 1 runed translucent door, greynaab's ghost, adept HORe
Swamp:3 3 runed translucent doors, Ricegish's ghost, adept GnFi

'...#....##########..............
#)###............................
[.........#############.......)..
..........#.....p.{[).#..........
..........#.#########.#..........
..........#.#...†.# #§#..........
..........'.#.###.# #[#.....#####
.....[....###.#...###.#.....#....
###.......#...#.@.#.÷.#.....#....
#.......#.###.).#÷###.....#....
#....)..#.# #.###.#.#.....#....
#.......#.# #..{..#.#.....#....
#.......#.#########.#.....#....
#.......#...........#.....#....
#.......#############.....#####
###..............................
.................................


There were no monsters in sight!


Message History

You lost 3 mp, and now have 10/34 mp.
Casting: Stone Arrow (safe; 1% risk of failure)
Confirm with . or Enter, or press ? or * to list all spells.
Aiming: Stone Arrow (safe; 1% risk of failure)
Press: ? - help, Shift-Dir - straight line, f/p - vampire knight
Aim: a vampire knight, wielding a +0 great mace and wearing a +0 chain mail (heavily damaged, 84% to hit)
The stone arrow hits the vampire knight!
The vampire knight gestures at you while chanting.
You suddenly lose the ability to move!
The vampire knight hits you with a +0 great mace!!
The vampire knight bites you but does no damage.
The vampire knight casts a spell at you.
You shrug off the repeated paralysis!
The vampire knight hits you with a +0 great mace!!
The vampire knight bites you!
The vampire knight draws strength from your injuries!
The vampire knight hits you with a +0 great mace!!
* * * LOW HITPOINT WARNING * * *
The vampire knight bites you but does no damage.
You can move again. 😨 HP[-84] MP[-2]
You take 84 damage, and now have 56/140 hp.
MASSIVE DAMAGE!! (PAUSE)
You lost 2 mp, and now have 8/34 mp.
Press: ? - help, v - describe, . - travel
Here: a vampire knight, wielding a +0 great mace and wearing a +0 chain mail (heavily damaged)
The floor, spattered with blood.
Okay, then.
Casting: Stone Arrow (safe; 1% risk of failure)
Confirm with . or Enter, or press ? or * to list all spells.
You feel quick.
The vampire knight hits you with a +0 great mace.
* * * LOW HITPOINT WARNING * * *
The vampire knight bites you but does no damage. 😨 HP[-1] MP[-3]
You take 1 damage, and now have 55/140 hp.
You lost 3 mp, and now have 5/34 mp.
The vampire knight attacks as it pursues you!
You block the vampire knight's attack.
The vampire knight bites you but does no damage. 😨 MP[+1]
The vampire knight casts a spell.
The vampire knight seems to speed up.
You hear a trumpeting! 😨 HP[+1]
The vampire knight gestures wildly while chanting.
The vampire knight flickers and vanishes!
Deactivating autopickup; reactivate with Ctrl-A. 😨 HP[+1]
Things that are here:
a +0 dagger; a +0 robe; a human corpse
Things that are here:
a +0 troll leather armour; a deep troll corpse 😨 MP[+1]
Things that are here:
a +0 dire flail; a +0 leather armour; a human corpse 😨 HP[+1]
You see here a +0 ring mail. 😨 HP[+1] 😨 MP[+1]
Things that are here:
a lindwurm skeleton; a lindwurm skeleton You see here an ugly thing skeleton. 😨 HP[+1]
Something hits you!!
* * * LOW HITPOINT WARNING * * *
Something bites you!
* * * LOW HITPOINT WARNING * * *
Something draws strength from your injuries! 😱 HP[-36]
You take 36 damage, and now have 24/140 hp.
MASSIVE DAMAGE!! (PAUSE)
Okay, then.
Okay, then.
Unknown command.
Press: ? - help, v - describe, . - travel The floor.
Something barely misses you.
Something bites you but does no damage. 😱 MP[+1]
Okay, then.
Casting: Swiftness (safe; 1% risk of failure)
Confirm with . or Enter, or press ? or * to list all spells.
Aiming: Borgnjor's Vile Clutch (dangerous; 4% risk of failure)
Press: ? - help, Shift-Dir - straight line Zombie hands grab something.
The zombie hands constrict something.
Something draws life force from you!
* * * LOW HITPOINT WARNING * * *
😱 HP[-8] MP[-5]
You take 8 damage, and now have 16/140 hp.
You lost 5 mp, and now have 4/34 mp.
The zombie hands constrict something. 😱 HP[+1]
The zombie hands lose their grip on something.
Things that are here:
a +0 halberd; a +0 leather armour
There is a stone staircase leading up, spattered with blood here.
Something hits you!
* * * LOW HITPOINT WARNING * * *
Something bites you.
You die...

Skill      XL: |  1  2  3  4  5  6  7  8  9 10 11 12 13 14 15 16 17 |
---------------+----------------------------------------------------+-----
Conjurations   | 2 3 4 5 6 7 8 9 10 11 13 16 | 16.9
Air Magic      | 4 5 6 7 8 9 10 | 10.6
Fighting       | 1 3 5 8 10 | 10.0
Spellcasting   | 3 4 5 6 10 11 13 | 13.5
Ice Magic      | 2 5 7 8 9 |  9.9
Dodging        | 2 3 4 5 8 10 | 10.0
Maces & Flails | 2 |  2.0
Earth Magic    | 3 5 7 9 10 12 | 12.0
Evocations     | 3 |  3.0
Necromancy     | 4 6 7 8 |  8.0
Shields        | 7 9 10 | 10.0
Alchemy        | 4 |  4.0
Stealth        | |  1.7

Action                     |  1- 3 |  4- 6 |  7- 9 | 10-12 | 13-15 | 16-18 || total
---------------------------+-------+-------+-------+-------+-------+-------++-------
  Melee: Staff             |    14 |    58 |    29 |       |       |       ||   101
         Tailslap          |     1 |     5 |    12 |    37 |    74 |    83 ||   212
         Whip              |       |       |    68 |       |       |       ||    68
         Punch             |       |       |     1 |     7 |     3 |       ||    11
         Demon whip        |       |       |       |   197 |   449 |   330 ||   976
  Throw: Dart              |       |       |     1 |       |       |       ||     1
   Cast: Shock             |    76 |    57 |    13 |     2 |       |       ||   148
         Static Discharge  |       |    26 |    87 |   106 |    40 |       ||   259
         Airstrike         |       |       |    20 |   139 |   286 |   200 ||   645
         Freezing Cloud    |       |       |     1 |    28 |   120 |   105 ||   254
         Stone Arrow       |       |       |       |     3 |    67 |   249 ||   319
         Swiftness         |       |       |       |     2 |     1 |     1 ||     4
         Borgnjor's Vile C |       |       |       |     1 |    33 |    32 ||    66
         Fulminant Prism   |       |       |       |       |    26 |     7 ||    33
         Sublimation of Bl |       |       |       |       |     3 |     2 ||     5
         Orb of Destructio |       |       |       |       |       |    16 ||    16
Ability: Breathe Dispellin |       |       |       |     1 |       |       ||     1
  Evoke: Wand              |       |       |     6 |     4 |     3 |    18 ||    31
         Phantom mirror    |       |       |       |       |       |     2 ||     2
    Use: Scroll            |       |     2 |     6 |    10 |    22 |    20 ||    60
         Potion            |       |       |     1 |       |     3 |    10 ||    14
   Stab: Paralysed         |       |       |     7 |       |       |       ||     7
         Sleeping          |       |       |       |     1 |       |     1 ||     2
 Armour: Skin              |    19 |   116 |   242 |   392 |   534 |   514 ||  1817
  Dodge: Dodged            |    21 |    60 |   116 |   211 |   376 |   289 ||  1073
  Block: Other             |       |       |    11 |    77 |    45 |       ||   133
         Reflection        |       |       |     1 |     4 |    39 |    18 ||    62
         Kite shield       |       |       |       |       |   364 |   545 ||   909

Levels and vault maps discovered:
D:1:      dpeg_arrival_round_b, layout_basic
D:2:      layout_loops_ring
D:3:      layout_basic, gammafunk_temple_overflow_elements,
          mainiacjoe_overflow_tiny_flanked, mainiacjoe_overflow_alcove_4,
          ebering_ghost_sewer_d, hangedman_decor_points, uniq_pargi
D:4:      layout_basic, gammafunk_ghost_split, uniq_edmund, uniq_duvessa
D:5:      layout_loops_ring, mainiacjoe_overflow_brackets, temple_statues
D:6:      layout_cave_pools, kennysheep_flooded_box, uniq_blork_the_orc
D:7:      layout_basic, david_defended_altar_orc, uniq_crazy_yiuf_cottage
D:8:      layout_rooms, regret_index_kikubaaqudgha_part_by_part, serial_shops,
          shop, shop, nicolae_shop_just_a_little_nook, nicolae_shop_trees,
          uniq_amaemon
D:9:      layout_basic
D:10:     layout_roguey, minitemple, nicolae_wwwww
D:11:     cheibrodos_tormentor_scu, layout_irregular_city, lair_entry_dummy,
          orc_0_dummy, serial_shops, shop, fedhas_ov_isle_minmay
D:12:     layout_loops_ring, serial_shops, shop, st_stairs_6
D:13:     layout_stronghold, gammafunk_ghost_nasty_kobolds
D:14:     minmay_bloctagon_deflated, layout_irregular_city,
          skrybe_vaults_entry_preservation,
          nicolae_dithmenos_through_a_glass_darkly, hangedman_weighted_door
D:15:     grunt_enter_depths_magical_seal, layout_cave_pods,
          gammafunk_ghost_cemetery, serial_shops, nicolae_shop_gibbet_a_chance,
          fiery_altar_vehumet, uniq_nessos
Temple:   minmay_temple_bridge_abc
Lair:1:   layout_hall_layers
Lair:2:   layout_cave_pods, minmay_swamp_entry_worms,
          hellmonk_spider_entry_not_the_bees
Lair:3:   layout_regular_city, lemuel_fruit_tree, infiniplex_staircase_pool_2,
          uniq_nergalle
Lair:4:   layout_regular_city, nicolae_volcano_entry_lava_flow,
          grunt_megastairs_3
Lair:5:   due_jungle_book, layout_big_grid, slime_entry_1, grunt_megastairs_4
Swamp:1:  layout_basic_swamp, ebering_ghost_xom, evilmike_swamp_ruin_house_3
Swamp:2:  gammafunk_worm_tunnel, layout_falls_marsh, serial_swamp_ruin,
          evilmike_swamp_ruin_house_6, evilmike_swamp_ruin_house_4,
          swamp_pool_1_2, kb_tengu_band
Swamp:3:  layout_basic_swamp, ebering_ghost_rock_garden,
          evilmike_swamp_ruin_wall
Swamp:4:  swamp_icy, layout_basic_swamp
Spider:1: layout_spider_delve, nicolae_spider_bug_shape,
          hangedman_spider_tarantella_strand
Orc:1:    layout_caves, basic_altar, nicolae_orc_jurassic_orc
Orc:2:    st_orc_congregation, layout_caves, serial_shops,
          nicolae_shop_rolled_up, bh_open_orc_temple
Vaults:1: v_misc_16, hangedman_vaults_unwind, vaults_room_grunt_arrival_ludios,
          v_misc_9, nicolae_vaults_trapezoid_lopsided_1,
          hangedman_vaults_stagger, nicolae_vaults_variable_pillar_hall,
          vaults_mumra_minichess, vaults_mumra_hexcomb,
          nicolae_vaults_display_case, layout_vaults_omnigrid
Vaults:2: hangedman_vaults_slice, minmay_crypt_entry_simple_statues,
          nicolae_vaults_weapon_check, nicolae_vaults_little_guard_posts,
          ontoclasm_vaults_ring_small, v_alt_pattern_2,
          nicolae_vaults_little_squares_4, ontoclasm_vaults_spin,
          vaults_room_door_hall, v_pattern_1, nicolae_vaults_double_plus_1,
          layout_vaults_chaotic_city, serial_shops, nicolae_shop_stone

Notes
Turn   | Place    | Note
-------+----------+-------------------------------------------
     0 | D:1      | Skeral the Draconian Air Elementalist began the quest for
                  | the Orb.
     0 | D:1      | Reached XP level 1. HP: 14/14 MP: 3/3
     0 | D:1      | magus.rc [v1.10.3]
   394 | D:1      | Reached XP level 2. HP: 20/20 MP: 1/5
   397 | D:1      | Learned a level 2 spell: Static Discharge
  1037 | D:2      | Reached skill level 2 in Conjurations
  1229 | D:2      | You pick up a book of Frost and begin reading...
  1229 | D:2      | You add the spells Freeze, Frozen Ramparts and Hailstorm to
                  | your library.
  1287 | D:2      | Reached XP level 3. HP: 26/26 MP: 1/6
  1804 | D:3      | Reached skill level 4 in Air Magic
  1859 | D:3      | Found a snail-covered altar of Cheibriados.
  1859 | D:3      | Found a glowing silver altar of Zin.
  1896 | D:3      | Reached XP level 4. HP: 33/33 MP: 3/7
  2080 | D:3      | Found a sacrificial altar of Ru.
  2087 | D:3      | magus.rc [v1.10.3]
  2123 | D:3      | Found a white marble altar of Elyvilon.
  2227 | D:3      | Reached skill level 3 in Conjurations
  2293 | D:3      | You pick up a book of Blood and begin reading...
  2293 | D:3      | You add the spells Call Imp, Sublimation of Blood and
                  | Summon Hydra to your library.
  2343 | D:3      | You add the spells Cigotuvi's Dreadful Rot, Ignite Poison
                  | and Freezing Cloud to your library.
  2361 | D:3      | Found a runed translucent door.
  2366 | D:3      | Noticed Jingleheimer's ghost (amateur GrMo)
  2507 | D:3      | Noticed Pargi
  2536 | D:3      | Killed Pargi
  2537 | D:3      | Reached XP level 5. HP: 18/38 MP: 0/8
  2855 | D:4      | Found a runed translucent gate.
  2856 | D:4      | Found a runed translucent gate.
  2857 | D:4      | Found a runed translucent gate.
  2858 | D:4      | Noticed Sweeb's ghost (amateur OpCj)
  2859 | D:4      | Noticed a yak
  2865 | D:4      | You pick up a book of Touch and begin reading...
  2865 | D:4      | You add the spells Kiss of Death, Confusing Touch and
                  | Dispel Undead to your library.
  2879 | D:4      | Reached skill level 4 in Conjurations
  2879 | D:4      | Reached skill level 5 in Air Magic
  2967 | D:4      | Noticed Duvessa
  3119 | D:4      | Noticed Edmund
  3518 | D:4      | magus.rc [v1.10.3]
  3527 | D:4      | Noticed Dowan
  3547 | D:4      | Learned a level 3 spell: Swiftness
  3562 | D:4      | Killed Dowan
  3563 | D:4      | Reached XP level 6. HP: 26/45 MP: 0/9
  3618 | D:5      | Entered Level 5 of the Dungeon
  3741 | D:5      | You pick up a book of Blood and begin reading...
  3858 | D:5      | Found a staircase to the Ecumenical Temple.
  3863 | Temple   | Entered the Ecumenical Temple
  3883 | Temple   | Became a worshipper of Vehumet
  4027 | D:5      | Reached skill level 1 in Fighting
  4212 | D:5      | Your scales start taking on a rich purple colour.
  4212 | D:5      | Reached skill level 3 in Spellcasting
  4212 | D:5      | Reached XP level 7. HP: 46/53 MP: 2/11
  4282 | D:5      | Found a glowing golden altar of the Shining One.
  4307 | D:5      | Reached skill level 5 in Conjurations
  4450 | D:5      | Reached skill level 2 in Fighting
  4455 | D:5      | Learned a level 4 spell: Airstrike
  4733 | D:5      | magus.rc [v1.10.3]
  4743 | D:5      | Reached skill level 6 in Air Magic
  5071 | D:6      | Noticed Blork the orc
  5079 | D:6      | Killed Blork the orc
  5092 | D:6      | Reached skill level 3 in Fighting
  5092 | D:6      | Reached skill level 4 in Spellcasting
  5197 | D:6      | Reached XP level 8. HP: 37/63 MP: 3/14
  5389 | D:6      | Reached * piety under Vehumet
  5389 | D:6      | Offered knowledge of Foxfire by Vehumet.
  5396 | D:6      | Reached skill level 4 in Fighting
  5396 | D:6      | Reached skill level 6 in Conjurations
  5519 | D:6      | Learned a level 5 spell: Freezing Cloud
  5616 | D:6      | Reached skill level 1 in Ice Magic
  5616 | D:6      | Reached skill level 7 in Air Magic
  6174 | D:7      | You pick up a book of Displacement and begin reading...
  6174 | D:7      | You add the spells Lesser Beckoning, Gell's Gravitas and
                  | Teleport Other to your library.
  6217 | D:7      | Reached skill level 2 in Ice Magic
  6374 | D:7      | Reached skill level 5 in Fighting
  6375 | D:7      | Reached skill level 5 in Spellcasting
  6382 | D:7      | Reached XP level 9. HP: 54/74 MP: 0/16
  6479 | D:7      | magus.rc [v1.10.3]
  6728 | D:7      | Found a runed translucent door.
  6729 | D:7      | Noticed Crazy Yiuf
  6784 | D:7      | Identified the +0 leather armour of Iqaacaim {-Tele Rampage
                  | Will+ Dex+3}
  6795 | D:7      | Reached skill level 3 in Ice Magic
  6875 | D:8      | Noticed Amaemon
  6876 | D:8      | Noticed an orange demon
  6882 | D:8      | Killed an orange demon
  6883 | D:8      | Reached skill level 7 in Conjurations
  7004 | D:8      | Reached skill level 6 in Fighting
  7053 | D:8      | Reached ** piety under Vehumet
  7058 | D:8      | Reached skill level 8 in Air Magic
  7142 | D:8      | Offered knowledge of Mercury Vapours by Vehumet.
  7143 | D:8      | Reached skill level 4 in Ice Magic
  7226 | D:8      | Found Pycugut's General Store.
  7274 | D:8      | Found Luixte's Assorted Antiques.
  7279 | D:8      | Bought a scroll of identify for 60 gold pieces
  7279 | D:8      | Bought a scroll labelled GOLICYTSEO for 30 gold pieces
  7279 | D:8      | Bought a potion of curing for 90 gold pieces
  7279 | D:8      | Bought a scroll of teleportation for 90 gold pieces
  7342 | D:8      | Found Piurr's Weapon Shop.
  7344 | D:8      | Noticed a two-headed ogre
  7369 | D:8      | Killed Amaemon
  7369 | D:8      | Killed a two-headed ogre
  7370 | D:8      | Reached skill level 8 in Fighting
  7370 | D:8      | Reached skill level 5 in Ice Magic
  7370 | D:8      | Reached skill level 2 in Dodging
  7370 | D:8      | Reached XP level 10. HP: 51/88 MP: 8/17
  7526 | D:8      | Reached skill level 3 in Dodging
  7555 | D:8      | Found Ynwa's Assorted Antiques.
  7563 | D:8      | Bought a potion of curing for 54 gold pieces
  7563 | D:8      | Bought a scroll labelled SOTEKI FAUSY for 18 gold pieces
  7563 | D:8      | Bought a scroll labelled CIOROEKAJA for 18 gold pieces
  7563 | D:8      | Bought a fuming emerald potion for 16 gold pieces
  7572 | D:8      | Bought a scroll of amnesia for 56 gold pieces
  7642 | D:8      | Found an ancient bone altar of Kikubaaqudgha.
  7831 | D:9      | Reached skill level 1 in Maces & Flails
  7831 | D:9      | Reached skill level 6 in Ice Magic
  7951 | D:9      | Reached skill level 2 in Maces & Flails
  7958 | D:9      | You pick up a book of Burglary and begin reading...
  7958 | D:9      | You add the spells Ensorcelled Hibernation and Passwall to
                  | your library.
  7985 | D:9      | Noticed a two-headed ogre
  7997 | D:9      | Killed a two-headed ogre
  8175 | D:9      | Noticed a manticore
  8178 | D:9      | Offered knowledge of Stone Arrow by Vehumet.
  8186 | D:9      | Killed a manticore
  8231 | D:9      | Learned a level 3 spell: Stone Arrow
  8336 | D:9      | Noticed a two-headed ogre
  8533 | D:9      | Killed a two-headed ogre
  8534 | D:9      | Reached skill level 7 in Ice Magic
  8534 | D:9      | Reached skill level 1 in Earth Magic
  8581 | D:10     | Entered Level 10 of the Dungeon
  8621 | D:10     | Reached skill level 2 in Earth Magic
  8621 | D:10     | Reached *** piety under Vehumet
  8641 | D:9      | Reached skill level 8 in Conjurations
  8796 | D:10     | Reached skill level 9 in Air Magic
  8799 | D:10     | Reached skill level 3 in Earth Magic
  8825 | D:10     | Offered knowledge of Mephitic Cloud by Vehumet.
  8861 | D:10     | Reached XP level 11. HP: 78/94 MP: 13/18
  8924 | D:10     | You pick up a book of Air and begin reading...
  9307 | D:10     | Found an opulent altar of Gozag.
  9352 | D:10     | Found an ornate altar of the Wu Jian Council.
  9353 | D:10     | Found an iron altar of Okawaru.
  9354 | D:10     | Found a burning altar of Makhleb.
  9684 | D:11     | Found a staircase to the Orcish Mines.
  9782 | D:11     | Noticed a skeletal warrior
  9785 | D:11     | Noticed a death knight
  9834 | D:10     | Reached skill level 8 in Ice Magic
  9834 | D:10     | Reached skill level 4 in Earth Magic
  9982 | D:11     | Found Zohu's Armour Shoppe.
  9987 | D:11     | Reached **** piety under Vehumet
  9990 | D:11     | Noticed a death knight
 10375 | D:7      | Killed Crazy Yiuf
 10587 | D:4      | Killed Edmund
 10715 | D:4      | Offered knowledge of Irradiate by Vehumet.
 10833 | D:10     | magus.rc [v1.10.3]
 11126 | D:11     | Noticed a boulder beetle
 11340 | D:11     | HP: 18/94 [??? (16)]
 11389 | D:11     | HP: 14/94 [centaur/arrow (13)]
 11726 | D:11     | Found a staircase to the Lair.
 11731 | Lair:1   | Entered Level 1 of the Lair of Beasts
 11737 | Lair:1   | Reached skill level 9 in Conjurations
 12031 | Lair:1   | Reached skill level 5 in Earth Magic
 12045 | Lair:1   | Reached skill level 4 in Dodging
 12045 | Lair:1   | Reached skill level 6 in Spellcasting
 12100 | Lair:1   | HP: 18/94 [komodo dragon (7)]
 12821 | Lair:2   | Reached XP level 12. HP: 101/101 MP: 5/22
 12823 | Lair:2   | Reached skill level 5 in Dodging
 12922 | Lair:2   | You pick up a book of Unlife and begin reading...
 12922 | Lair:2   | You add the spells Animate Dead, Borgnjor's Vile Clutch and
                  | Death Channel to your library.
 12951 | Lair:2   | Reached skill level 7 in Spellcasting
 12951 | Lair:2   | Reached skill level 10 in Air Magic
 13047 | Lair:2   | Noticed a seven-headed hydra
 13083 | Lair:2   | Killed a seven-headed hydra
 13084 | Lair:2   | Reached skill level 10 in Conjurations
 13084 | Lair:2   | Reached skill level 2 in Evocations
 13090 | Lair:2   | Learned a level 5 spell: Borgnjor's Vile Clutch
 13111 | Lair:2   | Found a hole to the Spider Nest.
 13141 | Lair:2   | Reached skill level 1 in Necromancy
 13166 | Lair:2   | Reached skill level 3 in Evocations
 13258 | Lair:2   | Reached skill level 2 in Necromancy
 13368 | Lair:2   | Reached ***** piety under Vehumet
 13372 | Lair:2   | Offered knowledge of Sticky Flame by Vehumet.
 13373 | Lair:2   | Reached skill level 3 in Necromancy
 13373 | Lair:2   | Reached skill level 6 in Earth Magic
 13376 | Lair:2   | Learned a level 2 spell: Sublimation of Blood
 13631 | Lair:2   | Reached skill level 4 in Necromancy
 13945 | Lair:2   | Found a staircase to the Swamp.
 13950 | Lair:2   | Reached skill level 8 in Spellcasting
 13950 | Lair:2   | Reached skill level 7 in Earth Magic
 13954 | Lair:2   | HP: 25/101 [swamp worm (19)]
 13954 | Lair:2   | HP: 1/101 [tyrant leech (24)]
 14491 | Lair:3   | Identified the +8 trident of Wopp {freeze, rElec rN+ Int-5
                  | Dex+2}
 14521 | Lair:3   | Noticed Nergalle
 14658 | Lair:3   | magus.rc [v1.10.3]
 14690 | Lair:3   | Reached skill level 9 in Spellcasting
 14703 | Lair:3   | You add the spells Alistair's Intoxication and Eringya's
                  | Noxious Bog to your library.
 14988 | Lair:3   | Killed Nergalle
 15405 | Lair:4   | Reached skill level 10 in Spellcasting
 15525 | Lair:4   | Reached XP level 13. HP: 66/108 MP: 11/27
 15721 | Lair:4   | Reached skill level 5 in Necromancy
 15728 | Lair:4   | Found a dark tunnel.
 15764 | Volcano  | Entered a volcano
 15836 | Volcano  | Reached skill level 9 in Fighting
 15846 | Volcano  | Reached skill level 8 in Earth Magic
 16143 | Volcano  | Reached skill level 6 in Necromancy
 16449 | Lair:4   | Reached skill level 10 in Fighting
 16449 | Lair:4   | Reached skill level 9 in Earth Magic
 16734 | Lair:5   | Entered Level 5 of the Lair of Beasts
 16742 | Lair:5   | Reached skill level 6 in Dodging
 16912 | Lair:5   | Reached skill level 7 in Dodging
 16942 | Lair:5   | Offered knowledge of Fulminant Prism by Vehumet.
 16953 | Lair:5   | Learned a level 4 spell: Fulminant Prism
 17099 | Lair:5   | Reached skill level 8 in Dodging
 17396 | Lair:5   | Found a staircase to the Slime Pits.
 17396 | Lair:5   | Found a viscous altar of Jiyva.
 17431 | Lair:5   | Reached XP level 14. HP: 112/121 MP: 12/28
 17511 | Lair:5   | Reached skill level 9 in Dodging
 17940 | Lair:5   | Reached skill level 1 in Shields
 17962 | Lair:5   | magus.rc [v1.10.3]
 18337 | Lair:5   | Reached skill level 2 in Shields
 18813 | Lair:5   | Reached skill level 3 in Shields
 18833 | Lair:5   | You pick up a book of Unlife and begin reading...
 19106 | Lair:5   | Offered knowledge of Plasma Beam by Vehumet.
 19483 | Lair:5   | Reached skill level 10 in Dodging
 19483 | Lair:5   | Reached skill level 4 in Shields
 19845 | Lair:5   | Identified the ring "Pofev" {rElec rPois Str+6 Int-2 Dex-2}
 20047 | D:11     | Reached skill level 5 in Shields
 20710 | D:11     | Identified the +1 robe "Diriam" {+Inv rElec}
 20773 | D:11     | Found a blossoming altar of Fedhas.
 21046 | Orc:1    | Entered Level 1 of the Orcish Mines
 21108 | Orc:1    | Reached skill level 7 in Necromancy
 21115 | Orc:1    | Reached skill level 6 in Shields
 21539 | Orc:2    | Entered Level 2 of the Orcish Mines
 21539 | Orc:2    | Found a staircase to the Elven Halls.
 21651 | Orc:2    | Noticed an orc warlord
 21858 | Orc:2    | Found Juag's Magic Scroll Boutique.
 21861 | Orc:2    | Bought a scroll of identify for 32 gold pieces
 21861 | Orc:2    | Bought a scroll of identify for 32 gold pieces
 21861 | Orc:2    | Bought a scroll of enchant armour for 120 gold pieces
 21861 | Orc:2    | Bought a scroll of identify for 32 gold pieces
 22540 | Orc:2    | Found Xoet's General Store.
 22541 | Orc:2    | Found Hecun's Jewellery Emporium.
 22543 | Orc:2    | Found Aviduc's Antique Armour Emporium.
 22543 | Orc:2    | Found Jungo's Antique Weapon Shoppe.
 22548 | Orc:2    | Bought a potion of degeneration for 12 gold pieces
 22611 | Orc:2    | Bought a runed cloak for 210 gold pieces
 22713 | Orc:2    | Killed an orc warlord
 23417 | D:12     | You pick up a book of Iron and begin reading...
 23417 | D:12     | You add the spells Summon Lightning Spire and Lee's Rapid
                  | Deconstruction to your library.
 23488 | D:12     | You pick up a book of Flames and begin reading...
 23488 | D:12     | You add the spells Inner Flame, Sticky Flame and Flame Wave
                  | to your library.
 23491 | D:12     | Identified a scroll of acquirement
 23492 | D:12     | Acquired the staff of Ludiass {rN+++ Str-4 Earth}
 23666 | D:12     | Found Gyewuewnox's Distillery.
 23677 | D:12     | Reached skill level 7 in Shields
 23688 | D:12     | Bought a potion of haste for 110 gold pieces
 23688 | D:12     | Bought a potion of haste for 110 gold pieces
 23688 | D:12     | Bought a potion of curing for 33 gold pieces
 23715 | D:12     | Reached XP level 15. HP: 123/126 MP: 14/29
 23779 | D:12     | Identified the +9 demon blade of Buisaff {drain, Str+5}
 23978 | D:12     | Reached skill level 8 in Necromancy
 24104 | D:13     | Offered knowledge of Bombard by Vehumet.
 24240 | D:13     | Reached skill level 1 in Alchemy
 24555 | D:13     | Found a runed translucent gate.
 24555 | D:13     | Found a runed translucent gate.
 24555 | D:13     | Found a runed translucent gate.
 24555 | D:13     | Noticed Mebb's ghost (journeyman SpEn)
 25068 | D:13     | Killed Mebb's ghost
 25069 | D:13     | Reached skill level 2 in Alchemy
 25386 | D:14     | Reached skill level 11 in Conjurations
 25421 | D:14     | Found a shadowy altar of Dithmenos.
 26043 | D:14     | Identified the +1 leather armour of the Nightingale {+Blink
                  | rF+ rCorr Str-5}
 26232 | D:14     | Reached skill level 3 in Alchemy
 26341 | D:14     | Reached skill level 8 in Shields
 26349 | D:14     | Found a gate to the Vaults.
 26357 | D:14     | Identified the +0 robe of Sif Muna's Grace {rF+}
 26671 | D:15     | Entered Level 15 of the Dungeon
 26768 | D:15     | Noticed Nessos
 26780 | D:15     | Killed Nessos
 26988 | D:15     | Reached skill level 11 in Spellcasting
 27146 | D:15     | Found a staircase to the Depths.
 27295 | D:15     | magus.rc [v1.10.3]
 27327 | D:15     | Upgraded the game from 0.31.0-2-g5a2aebc5c2 to
                  | 0.31.0-4-g52a2dc7128
 27327 | D:15     | magus.rc [v1.10.3]
 27377 | D:15     | Offered knowledge of Ozocubu's Refrigeration by Vehumet.
 27378 | D:15     | Reached skill level 4 in Alchemy
 27509 | D:15     | Reached skill level 10 in Earth Magic
 27561 | D:15     | Found Zera's Antique Armour Shop.
 27742 | D:15     | Found a runed translucent gate.
 27742 | D:15     | Found a runed translucent gate.
 27742 | D:15     | Found a runed translucent gate.
 27743 | D:15     | Noticed Ruil's ghost (journeyman MiBe)
 27744 | D:15     | Noticed Ver Nao's ghost (journeyman OpSh)
 27853 | D:15     | Found a radiant altar of Vehumet.
 28194 | Spider:1 | Entered Level 1 of the Spider Nest
 28421 | Spider:1 | You pick up a book of Necromancy and begin reading...
 28421 | Spider:1 | You add the spells Necrotise, Vampiric Draining, Martyr's
                  | Knell and Curse of Agony to your library.
 29318 | Swamp:1  | Entered Level 1 of the Swamp
 29440 | Swamp:1  | Reached skill level 9 in Shields
 29440 | Swamp:1  | Reached XP level 16. HP: 114/134 MP: 11/31
 29538 | Swamp:1  | Learned a level 7 spell: Ozocubu's Refrigeration
 29608 | Swamp:1  | Found a runed translucent door.
 29609 | Swamp:1  | Found a shimmering altar of Xom.
 29609 | Swamp:1  | Noticed greynaab's ghost (adept HORe)
 29896 | Swamp:1  | Reached skill level 12 in Conjurations
 30307 | Swamp:1  | You fall into a shaft and drop 1 floor!
 30438 | Swamp:1  | You pick up a book of Hexes and begin reading...
 30438 | Swamp:1  | You add the spells Anguish, Cause Fear and Enfeeble to your
                  | library.
 30544 | Swamp:2  | Found a transporter.
 30606 | Swamp:2  | Reached skill level 12 in Spellcasting
 31032 | Swamp:2  | Reached skill level 11 in Earth Magic
 31196 | Swamp:2  | Found a transporter.
 31915 | Swamp:2  | Reached skill level 9 in Ice Magic
 32149 | Swamp:2  | Identified the ring of Jeyjoluc {Fly rC+ Int+2}
 32153 | Swamp:2  | Identified the +1 pair of gloves of the Sparrow {rN+++
                  | Int-4 Dex+3}
 32314 | Swamp:3  | Reached skill level 10 in Shields
 32464 | Swamp:3  | Found a runed translucent gate.
 32464 | Swamp:3  | Found a runed translucent gate.
 32464 | Swamp:3  | Found a runed translucent gate.
 32464 | Swamp:3  | Noticed Ricegish's ghost (adept GnFi)
 32464 | Swamp:3  | Found the +2 cloak of the Thief {*Fog Slay-2 SInv Stlth+}
 32650 | Swamp:3  | You add the spells Sting, Mercury Vapours and Olgreb's
                  | Toxic Radiance to your library.
 32679 | Swamp:3  | You pick up a book of Iron and begin reading...
 32711 | Swamp:3  | Reached ****** piety under Vehumet
 32722 | Swamp:3  | Offered knowledge of Orb of Destruction by Vehumet.
 33131 | Swamp:4  | Entered Level 4 of the Swamp
 33359 | Swamp:4  | Reached skill level 12 in Earth Magic
 33469 | Swamp:3  | magus.rc [v1.10.3]
 34016 | Swamp:4  | You add the spells Sigil of Binding, Summon Mana Viper and
                  | Yara's Violent Unravelling to your library.
 34016 | Swamp:4  | Got the Directory of Charms
 34037 | Swamp:4  | Learned a level 7 spell: Orb of Destruction
 35012 | Swamp:4  | Got a decaying rune of Zot
 35102 | Swamp:1  | magus.rc [v1.10.3]
 35388 | D:14     | Reached skill level 13 in Spellcasting
 35484 | Vaults:1 | Entered Level 1 of the Vaults
 36112 | Vaults:1 | Reached skill level 13 in Conjurations
 36370 | Vaults:1 | Reached XP level 17. HP: 107/140 MP: 18/34
 36370 | Vaults:1 | Offered knowledge of Starburst by Vehumet.
 36641 | Vaults:1 | magus.rc [v1.10.3]
 36881 | Vaults:1 | Noticed a sphinx
 37081 | Vaults:1 | Reached skill level 14 in Conjurations
 37439 | Vaults:1 | Identified the +6 rapier "Hoimu" {holy, *Rage rElec rF+
                  | rC+}
 38053 | Vaults:1 | HP: 33/140 [dire elephant (26)]
 38058 | Vaults:1 | HP: 32/140 [dire elephant (9)]
 39134 | Vaults:1 | Reached skill level 15 in Conjurations
 39200 | Vaults:2 | HP: 30/140 [ettin zombie[a necromancer] (16)]
 40668 | Vaults:2 | Reached skill level 16 in Conjurations
 40848 | Vaults:2 | HP: 23/140 [dire elephant (14)]
 40850 | Vaults:2 | HP: 10/140 [dire elephant (28)]
 41118 | Vaults:2 | Found Enosm's Antique Armour Shop.
 41122 | Vaults:2 | Noticed a sphinx
 41123 | Vaults:2 | Bought a pair of runed gloves for 217 gold pieces
 41163 | Vaults:2 | Killed a sphinx
 41538 | Vaults:2 | HP: 25/140 [vault warden/+0 long sword (29)]
 42027 | Vaults:2 | magus.rc [v1.10.3]
 43051 | Vaults:2 | Identified the +3 glaive of Velloum {protect, rF+ rC-
                  | Will++}
 43060 | Vaults:2 | Offered knowledge of Shatter by Vehumet.
 43060 | Vaults:2 | Offered knowledge of Polar Vortex by Vehumet.
 43060 | Vaults:2 | Offered knowledge of Maxwell's Capacitive Coupling by
                  | Vehumet.
 43179 | Vaults:2 | Paralysed by a vampire knight for 5 turns
 43202 | Vaults:2 | HP: 32/140 [something (29)]
 43208 | Vaults:2 | HP: 2/140 [something (16)]
 43208 | Vaults:2 | Slain by a vampire knight

Vanquished Creatures
  A sphinx (Vaults:2)
  An azure jelly (Swamp:4)
  A fire giant (Vaults:2)
  2 vault wardens (Vaults:2)
  An orc warlord (Orc:2)
  5 ironbound preservers
  A stone giant (Vaults:1)
  3 ironbound thunderhulks (Vaults:1)
  6 eleionomae
  Nessos (D:15)
  15 dire elephants
  The ghost of Mebb the Imperceptible, a journeyman SpEn of Gozag (D:13)
  7 bunyips
  An ettin (Vaults:1)
  2 vault guards (Vaults:2)
  A great orb of eyes (Vaults:1)
  An entropy weaver (Vaults:1)
  14 hydras
  2 yaktaur captains (Vaults:1)
  3 ice dragons (Swamp:4)
  A ghost crab (Swamp:2)
  A catoblepas (Lair:5)
  6 ironbound frosthearts
  11 centaur warriors
  3 boulder beetles
  6 alligators
  3 death knights (D:11)
  4 two-headed ogres
  2 death yaks (Lair:5)
  4 orc high priests (Orc:2)
  4 tengu warriors
  Nergalle (Lair:3)
  2 demonic crawlers
  Amaemon (D:8)
  2 spectral death yaks (Lair:5)
  2 goliath frogs
  3 skysharks
  11 deep trolls
  An orb spider (Spider:1)
  2 spriggan druids (Swamp:2)
  2 swamp dragons
  2 skeletal warriors
  2 deep elf archers (Volcano)
  7 lindwurms
  A spectral anaconda (Lair:5)
  3 arcanists
  A bog body (Swamp:1)
  An obsidian statue (Lair:5)
  7 ironbound convokers
  2 deep elf zephyrmancers (D:15)
  5 necromancers
  10 deep elf pyromancers
  4 orc knights
  A wolf spider zombie (D:14)
  10 harpies (Vaults:1)
  2 wolf spiders (Spider:1)
  13 ugly things
  6 orc sorcerers
  A moth of wrath (Spider:1)
  5 cyclopes
  4 manticores
  3 will-o-the-wisps
  2 black mambas
  A meliai (Lair:2)
  13 elephants
  2 centaur zombies
  11 vault sentinels
  17 cane toads
  2 centaur skeletons
  A gargoyle (D:10)
  An orange demon (D:8)
  7 kobold demonologists
  9 komodo dragons
  3 rime drakes
  4 tengu conjurers
  An efreet (D:15)
  10 freezing wraiths
  4 yaktaurs (Vaults:2)
  2 tormentors (D:11)
  3 polar bears
  A bloated husk (Swamp:2)
  A tarantella (Spider:1)
  11 hornets
  10 tyrant leeches
  3 trolls
  An ettin zombie (Vaults:2)
  A spectral elephant (Lair:5)
  11 blink frogs
  12 slime creatures
  A shadow (D:12)
  4 dream sheep (Lair:4)
  11 spriggans
  A jumping spider (Spider:1)
  A hog (shapeshifter) (D:14)
  4 centaur simulacra
  50 yaks
  5 wraiths
  5 wyverns
  21 vampire mosquitoes
  A basilisk (Lair:1)
  2 swamp worm simulacra (Swamp:4)
  2 wargs
  6 fire elementals (Volcano)
  3 death yak simulacra (Lair:5)
  8 redbacks
  A steam dragon (Lair:4)
  23 swamp worms
  Edmund (D:4)
  A spectral cane toad (Lair:5)
  16 hydra simulacra (Swamp:4)
  10 water moccasins
  6 hell hounds (Volcano)
  An ice beast (D:6)
  2 swamp drakes
  A black bear (Lair:3)
  29 orc warriors
  2 sky beasts
  Pargi (D:3)
  An ettin simulacrum (Vaults:2)
  5 ogres
  10 wolves
  12 centaurs
  5 elephant skeletons (Lair:5)
  14 kobold brigands
  A human zombie (Vaults:2)
  Blork the orc (D:6)
  12 bullfrogs
  2 gnoll sergeants (D:11)
  4 scorpions
  A cane toad simulacrum (Lair:5)
  10 wights
  A burial acolyte (D:8)
  14 killer bees
  Dowan (D:4)
  3 elephant simulacra (Lair:5)
  A howler monkey (D:8)
  3 hounds
  2 bombardier beetles
  A jelly (D:7)
  25 orc priests
  A gnoll bouda (D:6)
  2 sleepcaps
  2 iguanas
  Crazy Yiuf (D:7)
  27 orc wizards
  2 hound zombies (D:8)
  8 adders
  14 gnolls
  3 shadow imps
  A white imp (D:4)
  6 swamp drake simulacra (Swamp:4)
  4 ufetubi
  An adder zombie (D:8)
  A dart slug (D:3)
  2 ribbon worms
  99 orcs
  4 endoplasms
  3 giant cockroaches
  A gnoll zombie (D:8)
  7 hobgoblins
  4 jackals (D:2)
  16 kobolds
  9 ball pythons
  2 bats
  4 frilled lizards
  5 goblins
  3 kobold zombies (D:8)
  5 rats
960 creatures vanquished.

Vanquished Creatures (collateral kills)
  2 dire elephants (Vaults:1)
2 creatures vanquished.

Vanquished Creatures (others)
  An orc wizard (D:5)
  20 foxfires
  33 fulminant prisms
54 creatures vanquished.

Grand Total: 1016 creatures vanquished

Table legend:
 A = Non-vault XP
 B = Vault XP
 C = Vault XP percentage of total XP
 D = Non-vault monster count
 E = Vault monster count
 F = Vault count percentage of total count
                 A         B        C        D         E       F
            +---------+---------+-------+---------+---------+-------
      Total |  185824 |  100272 |  35.0 |     676 |     287 |  29.8
            +---------+---------+-------+---------+---------+-------
        D:1 |      21 |       0 |   0.0 |      13 |       0 |   0.0
        D:2 |      58 |       0 |   0.0 |      22 |       0 |   0.0
        D:3 |      69 |     125 |  64.4 |      16 |       1 |   5.9
        D:4 |     268 |     229 |  46.1 |      17 |       2 |  10.5
        D:5 |     516 |       0 |   0.0 |      13 |       0 |   0.0
        D:6 |    1079 |      94 |   8.0 |      29 |       1 |   3.3
        D:7 |    1199 |     157 |  11.6 |      30 |       4 |  11.8
        D:8 |    1434 |    1321 |  47.9 |      19 |      12 |  38.7
        D:9 |    3110 |       0 |   0.0 |      23 |       0 |   0.0
       D:10 |    3351 |       0 |   0.0 |      31 |       0 |   0.0
       D:11 |    2768 |    4819 |  63.5 |      24 |       9 |  27.3
       D:12 |    2672 |     587 |  18.0 |      18 |       1 |   5.3
       D:13 |    9846 |    2897 |  22.7 |      23 |      13 |  36.1
       D:14 |    3463 |    9227 |  72.7 |      10 |      17 |  63.0
       D:15 |    7861 |    4777 |  37.8 |      19 |       8 |  29.6
     Lair:1 |    5882 |       0 |   0.0 |      22 |       0 |   0.0
     Lair:2 |   10125 |    2313 |  18.6 |      41 |      10 |  19.6
     Lair:3 |    2385 |     990 |  29.3 |      10 |       2 |  16.7
     Lair:4 |    7924 |    2155 |  21.4 |      28 |       6 |  17.6
     Lair:5 |   13100 |   13796 |  51.3 |      37 |      33 |  47.1
    Swamp:1 |   15582 |       0 |   0.0 |      29 |       0 |   0.0
    Swamp:2 |   12080 |    1968 |  14.0 |      26 |       7 |  21.2
    Swamp:3 |   10593 |       0 |   0.0 |      18 |       0 |   0.0
    Swamp:4 |    6823 |    8189 |  54.5 |      17 |      32 |  65.3
   Spider:1 |    5249 |       0 |   0.0 |      12 |       0 |   0.0
      Orc:1 |    1841 |       0 |   0.0 |      21 |       0 |   0.0
      Orc:2 |    1651 |   11346 |  87.3 |      30 |      69 |  69.7
   Vaults:1 |   27374 |   15907 |  36.8 |      39 |      24 |  38.1
   Vaults:2 |   27500 |   11213 |  29.0 |      39 |      14 |  26.4
    Volcano |       0 |    8162 | 100.0 |       0 |      22 | 100.0
            +---------+---------+-------+---------+---------+-------

Skill      XL: |  1  2  3  4  5  6  7  8  9 10 11 12 13 14 15 16 17 |
---------------+----------------------------------------------------+-----
Conjurations   | 2 3 4 5 6 7 8 9 10 11 13 16 | 16.9
Air Magic      | 4 5 6 7 8 9 10 | 10.6
Fighting       | 1 3 5 8 10 | 10.0
Spellcasting   | 3 4 5 6 10 11 13 | 13.5
Ice Magic      | 2 5 7 8 9 |  9.9
Dodging        | 2 3 4 5 8 10 | 10.0
Maces & Flails | 2 |  2.0
Earth Magic    | 3 5 7 9 10 12 | 12.0
Evocations     | 3 |  3.0
Necromancy     | 4 6 7 8 |  8.0
Shields        | 7 9 10 | 10.0
Alchemy        | 4 |  4.0
Stealth        | |  1.7

Action                     |  1- 3 |  4- 6 |  7- 9 | 10-12 | 13-15 | 16-18 || total
---------------------------+-------+-------+-------+-------+-------+-------++-------
  Melee: Staff             |    14 |    58 |    29 |       |       |       ||   101
         Tailslap          |     1 |     5 |    12 |    37 |    74 |    83 ||   212
         Whip              |       |       |    68 |       |       |       ||    68
         Punch             |       |       |     1 |     7 |     3 |       ||    11
         Demon whip        |       |       |       |   197 |   449 |   330 ||   976
  Throw: Dart              |       |       |     1 |       |       |       ||     1
   Cast: Shock             |    76 |    57 |    13 |     2 |       |       ||   148
         Static Discharge  |       |    26 |    87 |   106 |    40 |       ||   259
         Airstrike         |       |       |    20 |   139 |   286 |   200 ||   645
         Freezing Cloud    |       |       |     1 |    28 |   120 |   105 ||   254
         Stone Arrow       |       |       |       |     3 |    67 |   249 ||   319
         Swiftness         |       |       |       |     2 |     1 |     1 ||     4
         Borgnjor's Vile C |       |       |       |     1 |    33 |    32 ||    66
         Fulminant Prism   |       |       |       |       |    26 |     7 ||    33
         Sublimation of Bl |       |       |       |       |     3 |     2 ||     5
         Orb of Destructio |       |       |       |       |       |    16 ||    16
Ability: Breathe Dispellin |       |       |       |     1 |       |       ||     1
  Evoke: Wand              |       |       |     6 |     4 |     3 |    18 ||    31
         Phantom mirror    |       |       |       |       |       |     2 ||     2
    Use: Scroll            |       |     2 |     6 |    10 |    22 |    20 ||    60
         Potion            |       |       |     1 |       |     3 |    10 ||    14
   Stab: Paralysed         |       |       |     7 |       |       |       ||     7
         Sleeping          |       |       |       |     1 |       |     1 ||     2
 Armour: Skin              |    19 |   116 |   242 |   392 |   534 |   514 ||  1817
  Dodge: Dodged            |    21 |    60 |   116 |   211 |   376 |   289 ||  1073
  Block: Other             |       |       |    11 |    77 |    45 |       ||   133
         Reflection        |       |       |     1 |     4 |    39 |    18 ||    62
         Kite shield       |       |       |       |       |   364 |   545 ||   909

Illustrated notes

Table legend:
 A = Kills in this place as a percentage of kills in the entire game.
 B = Kills by you in this place as a percentage of kills by you in the entire game.
 C = Kills by friends in this place as a percentage of kills by friends in the entire game.
 D = Other kills in this place as a percentage of other kills in the entire game.
 E = Experience gained in this place as a percentage of experience gained in the entire game.
 F = Experience gained in this place divided by the number of levels of this place that you have seen.
                   A       B       C       D       E      F
               +-------+-------+-------+-------+-------+----------------------
         Total | 100.0 | 100.0 | 100.0 | 100.0 | 100.0 | 9228.9
       Dungeon |  38.9 |  39.0 |   0.0 | 100.0 |  21.7 | 4129.9
          Lair |  19.6 |  19.7 |   0.0 |   0.0 |  20.5 | 11734.0
         Swamp |  13.4 |  13.4 |   0.0 |   0.0 |  19.3 | 13808.8
   Spider Nest |   1.2 |   1.2 |   0.0 |   0.0 |   1.8 | 5249.0
  Orcish Mines |  12.5 |  12.5 |   0.0 |   0.0 |   5.2 | 7419.0
        Vaults |  12.0 |  11.9 | 100.0 |   0.0 |  28.7 | 40997.0
       Volcano |   2.3 |   2.3 |   0.0 |   0.0 |   2.9 | 8162.0
               +-------+-------+-------+-------+-------+----------------------

Table legend: (Time is in decaauts)
 A = Elapsed time spent in this place.
 B = Non-inter-level travel time spent in this place.
 C = Inter-level travel time spent in this place.
 D = Time resting spent in this place.
 E = Time spent auto-exploring this place.
 F = Levels seen in this place.
 G = Mean time per level.
                   A        B        C        D        E       F      G
               +--------+--------+--------+--------+--------+-----+--------+
         Total |  43496 |  40389 |   3107 |  16910 |   5913 |  31 | 1403.1 |
       Dungeon |  18200 |  16768 |   1432 |   5008 |   4517 |  15 | 1213.3 |
        Temple |     40 |     21 |     19 |      0 |      0 |   1 |   40.0 |
          Lair |   8535 |   7779 |    756 |   3698 |      0 |   5 | 1707.0 |
         Swamp |   6072 |   5634 |    438 |   3078 |    453 |   4 | 1518.0 |
   Spider Nest |    578 |    578 |      0 |    286 |      0 |   1 |  578.0 |
  Orcish Mines |   2075 |   1893 |    182 |    428 |    165 |   2 | 1037.5 |
        Vaults |   7500 |   7223 |    277 |   4143 |    778 |   2 | 3750.0 |
       Volcano |    493 |    493 |      0 |    269 |      0 |   1 |  493.0 |
               +--------+--------+--------+--------+--------+-----+--------+

Top non-repeatable levels by time:
Vaults:1: 4592 daAuts
  Lair:5: 3072 daAuts
Vaults:2: 2907 daAuts
  Lair:2: 2054 daAuts
    D:11: 2045 daAuts
    D:14: 1823 daAuts
 Swamp:4: 1746 daAuts
 Swamp:1: 1666 daAuts
    D:10: 1523 daAuts
     D:5: 1436 daAuts
   Orc:2: 1435 daAuts
  Lair:1: 1428 daAuts
 Swamp:2: 1368 daAuts
    D:15: 1335 daAuts
 Swamp:3: 1290 daAuts
